AoeStats
← Arguin331

Black Forest

504551255Analyzed
3v3 RM · 26d ago on Sep 5, 2026· 49m 4s· 6 players
Game mode
Random Map
Map size
Normal (6 player)
Population
200
Speed
Normal
Resources
Standard
Victory
Conquest
Starting age
Dark Age
Ending age
Imperial Age
RankedLock teamsTeams togetherTeam positionsShared explorationLock speedFull tech treeHidden civsTurbo modeCheats
Victory
Defeat
🇦🇷 Goths · Argentina
882
+15
🇫🇷 Chinese · France
880
+15
🇫🇷 Spanish · France
839
+17
🇩🇪 Bohemians · Germany
895
-17
🇩🇪 Persians · Germany
860
-16
🇰🇷 Goths · South Korea
828
-14
Patapé !
9:58 Loom
16:58 Feudal Age
17:31 Town Watch
17:12 Man-at-Arms
17:52 Double-Bit Axe
19:07 Horse Collar
22:10 Scale Barding Armor
22:21 Forging
24:13 Scale Mail Armor
25:53 Bloodlines
27:11 Arson
28:26 Wheelbarrow
31:15 Castle Age
31:57 Long Swordsman
32:24 Gambesons
32:40 Squires
32:33 Fletching
33:22 Iron Casting
33:02 Chain Mail Armor
33:21 Stone Mining
34:34 Husbandry
35:23 Scale Barding Armor
40:28 Hand Cart
40:14 Town Patrol
42:57 Inquisition
43:40 Gold Mining
43:57 Caravan
49:35 Imperial Age
Godo Piquetero
0:31 Loom
14:54 Feudal Age
15:48 Double-Bit Axe
15:46 Horse Collar
17:10 Bloodlines
23:13 Wheelbarrow
25:08 Castle Age
28:15 Hand Cart
27:37 Light Cavalry
28:18 Husbandry
28:20 Padded Archer Armor
28:11 Fletching
31:41 Gold Mining
32:46 Bow Saw
33:20 Stone Mining
33:26 Crossbowman
35:31 Heavy Plow
36:37 Leather Archer Armor
36:17 Bodkin Arrow
37:38 Bodkin Arrow
38:20 Stone Shaft Mining
40:39 Imperial Age
37:58 Town Watch
38:59 Ballistics
40:10 Forging
40:00 Scale Mail Armor
40:47 Anarchy
41:55 Iron Casting
41:45 Perfusion
41:17 Elite Huskarl
42:32 Chain Mail Armor
42:48 Ring Archer Armor
43:25 Chemistry
42:36 Masonry
42:21 Murder Holes
43:04 Bracer
44:04 Blast Furnace
44:40 Crop Rotation
45:13 Two-Man Saw
45:15 Scale Barding Armor
48:19 Chain Barding Armor
Arguin331
1:08 Loom
13:29 Feudal Age
14:36 Double-Bit Axe
17:02 Horse Collar
23:04 Wheelbarrow
25:37 Castle Age
24:08 Scale Barding Armor
24:13 Stone Mining
24:23 Gold Mining
25:11 Forging
26:41 Bloodlines
27:07 Chain Barding Armor
27:19 Bow Saw
28:04 Husbandry
28:59 Iron Casting
30:10 Hand Cart
32:45 Padded Archer Armor
32:35 Fletching
33:40 Stone Shaft Mining
35:58 Ballistics
35:51 Murder Holes
39:04 Imperial Age
37:11 Caravan
37:44 Coinage
37:58 Gold Shaft Mining
40:54 Plate Barding Armor
40:35 Leather Archer Armor
40:16 Bodkin Arrow
41:25 Chemistry
41:01 Conscription
40:08 Cavalier
43:48 Elite Chu Ko Nu
44:35 Bracer
45:06 Ring Archer Armor
Amir
0:43 Loom
Msay
0:34 Loom
rananculus
0:29 Loom
13:51 Feudal Age
14:05 Man-at-Arms
16:18 Horse Collar
18:16 Double-Bit Axe
25:43 Castle Age
24:37 Scale Mail Armor
24:48 Forging
26:40 Long Swordsman
27:21 Squires
26:59 Pikeman
31:00 Stone Mining
31:27 Gold Mining
38:25 Wheelbarrow
37:36 Town Watch
38:22 Bow Saw
43:15 Imperial Age
41:35 Heavy Plow
42:35 Iron Casting
42:17 Chain Mail Armor
43:58 Onager
45:51 Blast Furnace
48:36 Conscription
Connection lost

Rejoining the realm…

Still unreachable

The connection could not be restored.

Session expired

The server has moved on; the page needs a fresh start.